 Dungeon Crawl Stone Soup version 0.27-a0-1456-gf5a116941d (webtiles) character file.

Game seed: 16490935419546258140

4435 wesbby the Carver (level 10, -19/90 HPs)
             Began as a Minotaur Berserker on July 6, 2021.
             Was an Elder of Trog.
             Demolished by Snorg (24 damage)
             ... on level 10 of the Dungeon.
             The game lasted 00:14:50 (7844 turns).

wesbby the Carver (Minotaur Berserker)              Turns: 7844, Time: 00:14:51

Health: -19/90     AC: 15    Str: 26    XL:     10   Next: 14%
Magic:  9/9        EV:  7    Int:  4    God:    Trog [****..]
Gold:   1123       SH: 13    Dex:  9    Spells: 9/9 levels left

rFire    . . .     SeeInvis +   H - +0 falchion (vorpal)
rCold    + + .     Faith    .   A - +0 kite shield
rNeg     . . .     Spirit   .   e - +0 chain mail
rPois    +         Reflect  +   (helmet restricted)
rElec    .         Harm     .   D - +0 cloak
rCorr    .         Rampage  .   f - +1 pair of gloves
Will     .....                  (no boots)
Stlth    ..........             r - amulet of reflection
HPRegen  0.25/turn              j - ring of see invisible
MPRegen  0.11/turn              l - ring of Vulol {rPois rC++}

@: on berserk cooldown, slowed, very slow
A: horns 2, retaliatory headbutt
a: Renounce Religion, Berserk, Trog's Hand, Brothers in Arms


You were on level 10 of the Dungeon.
You worshipped Trog.
Trog was greatly pleased with you.
You visited 1 branch of the dungeon, and saw 12 of its levels.

You collected 1293 gold pieces.
You spent 170 gold pieces at shops.

Inventory:

Hand Weapons
 a - a +1 falchion
 H - a +0 vorpal falchion (weapon)
Missiles
 c - 26 poisoned darts (quivered)
 i - 4 curare-tipped darts
 w - 3 atropa-tipped darts
 x - 3 datura-tipped darts
Armour
 b - a +0 animal skin
 e - a +0 chain mail (worn)
 f - a +1 pair of gloves (worn)
 s - a +2 helmet
 A - a +0 kite shield (worn)
 D - a +0 cloak (worn)
Jewellery
 j - a ring of see invisible (left hand)
 l - the ring of Vulol (right hand) {rPois rC++}
   (You acquired it on level 3 of the Dungeon)

   [ring of poison resistance]

   rC:        It greatly protects you from cold.
   rPois:     It protects you from poison.
 r - an amulet of reflection (around neck)
 G - an amulet of reflection
 I - a ring of resist corrosion
Wands
 u - a wand of iceblast (6)
 B - a wand of acid (18)
 C - a wand of flame (14)
Scrolls
 g - 4 scrolls of fear
 n - a scroll of fog
 p - a scroll of teleportation
 t - a scroll of magic mapping
 v - 2 scrolls of identify
 y - a scroll of immolation
 F - a scroll of noise {unknown}
Potions
 d - a potion of magic
 h - 2 potions of lignification
 k - a potion of might
 m - a potion of cancellation
 o - a potion of heal wounds
 q - a potion of haste
 z - a potion of curing
 E - a potion of flight {unknown}


   Skills:
 * Level 8.8 Fighting
 * Level 11.6 Long Blades
 + Level 0.6 Throwing
 * Level 9.3 Armour
 * Level 5.7 Dodging
 + Level 1.0 Stealth
 + Level 1.3 Shields


You had 9 spell levels left.
You didn't know any spells.
Your spell library was empty.

Dungeon Overview and Level Annotations

Branches:
Dungeon (12/15)            Temple (0/1) D:6
   Lair: D:8-11         Orc: D:9-12

Altars:
Hepliaklqana

Shops:
D:8 *

Annotations:
D:10 Snorg


Innate Abilities, Weirdness & Mutations

You have a pair of horns on your head.
You reflexively headbutt those who attack you in melee.


Message History

You slash Snorg! You headbutt Snorg!
Snorg is moderately wounded.
Snorg bites you!! Snorg claws you but does no damage. Snorg claws you!
You closely miss Snorg.
Snorg is moderately wounded.
Snorg bites you. Snorg barely misses you. Snorg claws you!
You slash Snorg!
Snorg is heavily wounded.
Snorg bites you! Snorg claws you but does no damage. Snorg claws you!
* * * LOW HITPOINT WARNING * * *
You block the orc's attack.
You are too berserk!
You slash Snorg!
Snorg is heavily wounded.
You block Snorg's attack. Snorg barely misses you. You block Snorg's attack.
You slice Snorg!!
Snorg is severely wounded.
Snorg bites you.
* * * LOW HITPOINT WARNING * * *
Snorg claws you.
* * * LOW HITPOINT WARNING * * *
You block Snorg's attack. You block the orc's attack.
You slash Snorg!
Snorg is almost dead.
Snorg bites you.
* * * LOW HITPOINT WARNING * * *
Snorg claws you!!
* * * LOW HITPOINT WARNING * * *
Snorg claws you.
* * * LOW HITPOINT WARNING * * *
The orc closely misses you. You furiously retaliate!
You headbutt the orc.
You hear an angry buzzing noise.
The centaur zombie hits you but does no damage.
You block the centaur zombie's attack.
You slash the centaur zombie! You headbutt the centaur zombie!!
The centaur zombie is almost destroyed.
You are no longer berserk.
You are exhausted.
You feel yourself slow down. Snorg bites you!!
You die...

###. +.......#
.P..##.......
....P...... ..
#..P.....
..##P§.....
P#..PP....
§P._.P.o.#
§.§P.P..T#
#.P.P..§@#
.#.P.P..Z######
.§.PP.P.......###
##P#.##.†.......)
.... #>...P.P.P.
##. #.....PPP.P #
+.PP.P...PP
#..PPP.P..(P
#.....P####.


You could see Snorg (berserk), an orc and a centaur zombie.

Vanquished Creatures
  A two-headed ogre (D:9)
  Maurice (D:8)
  Maggie (D:7)
  5 yaks (D:8)
  A water moccasin (D:6)
  Duvessa (D:7)
  2 black bears
  An orc warrior (D:7)
  2 sky beasts (D:7)
  An ice beast (D:7)
  An ogre (D:4)
  A kobold brigand (D:8)
  4 bullfrogs
  Dowan (D:7)
  3 scorpions
  2 howler monkeys
  3 centaur zombies
  2 hounds
  An orc priest (D:7)
  4 bullfrog skeletons
  3 centaur skeletons
  Terence (D:2)
  2 iguanas
  7 orc wizards
  2 hound skeletons (D:4)
  A howler monkey skeleton (D:6)
  11 adders
  4 gnolls (D:5)
  3 shadow imps
  2 worms (D:2)
  A dart slug (D:2)
  21 orcs
  7 ball pythons
  2 bats (D:1)
  10 endoplasms
  5 giant cockroaches
  7 goblins
  4 hobgoblins
  5 jackals
  9 kobolds
  4 quokkas
  6 frilled lizards
  11 rats
166 creatures vanquished.

Vanquished Creatures (others)
  An orc (D:5)
  2 fungi (D:10)
  3 plants (D:10)
6 creatures vanquished.

Grand Total: 172 creatures vanquished

Notes
Turn   | Place    | Note
-------+----------+-------------------------------------------
     0 | D:1      | wesbby the Minotaur Berserker began the quest for the Orb.
     0 | D:1      | Reached XP level 1. HP: 19/19 MP: 0/0
   311 | D:1      | Reached XP level 2. HP: 27/27 MP: 1/1
   422 | D:1      | Found a faded altar of an unknown god.
   566 | D:1      | Reached skill level 4 in Long Blades
  1188 | D:2      | Reached XP level 3. HP: 32/33 MP: 2/2
  1466 | D:2      | Reached ** piety under Trog
  1875 | D:2      | Reached XP level 4. HP: 41/41 MP: 3/3
  2090 | D:3      | Noticed Terence
  2099 | D:2      | Killed Terence
  2100 | D:2      | Reached skill level 5 in Long Blades
  2192 | D:3      | Reached XP level 5. HP: 27/47 MP: 4/4
  2771 | D:3      | Identified a scroll of acquirement
  2771 | D:3      | Acquired the ring of Vulol {rPois rC++}
  2897 | D:4      | Reached *** piety under Trog
  3039 | D:4      | Noticed an ogre
  3045 | D:4      | Killed an ogre
  3046 | D:4      | Reached skill level 6 in Long Blades
  3046 | D:4      | Reached XP level 6. HP: 48/55 MP: 5/5
  3249 | D:4      | Reached skill level 5 in Fighting
  3489 | D:4      | Reached skill level 5 in Armour
  3612 | D:4      | Acquired 766 gold pieces
  3986 | D:5      | Entered Level 5 of the Dungeon
  4093 | D:5      | Reached XP level 7. HP: 61/61 MP: 6/6
  4284 | D:5      | Reached skill level 7 in Long Blades
  5122 | D:6      | You fall into a shaft and drop 1 floor!
  5139 | D:7      | Reached skill level 8 in Long Blades
  5141 | D:7      | Reached XP level 8. HP: 70/70 MP: 7/7
  5259 | D:7      | Noticed Duvessa
  5261 | D:7      | Noticed Dowan
  5277 | D:7      | Killed Duvessa
  5282 | D:7      | Killed Dowan
  5416 | D:7      | Reached **** piety under Trog
  5516 | D:6      | Reached skill level 9 in Long Blades
  5907 | D:6      | Found a staircase to the Ecumenical Temple.
  5985 | D:7      | Noticed Maggie
  5997 | D:7      | Killed Maggie
  6124 | D:7      | Reached skill level 5 in Dodging
  6124 | D:7      | Reached XP level 9. HP: 78/78 MP: 8/8
  6448 | D:8      | Found Roaroonk's Assorted Antiques.
  6451 | D:8      | Bought a scroll labelled LIASHO PACSIFU for 20 gold pieces
  6451 | D:8      | Bought a scroll of blinking for 150 gold pieces
  6557 | D:8      | Noticed Maurice
  6571 | D:8      | Killed Maurice
  6572 | D:8      | Reached skill level 10 in Long Blades
  7316 | D:8      | Reached skill level 11 in Long Blades
  7620 | D:9      | Reached skill level 1 in Stealth
  7659 | D:9      | Noticed a two-headed ogre
  7671 | D:9      | Killed a two-headed ogre
  7672 | D:9      | Reached XP level 10. HP: 90/90 MP: 9/9
  7711 | D:9      | You fall into a shaft and drop 3 floors!
  7716 | D:12     | Noticed a seven-headed hydra
  7756 | D:12     | Noticed a brown ugly thing
  7756 | D:12     | Noticed a gargoyle
  7759 | D:12     | Noticed a two-headed ogre
  7799 | D:10     | Entered Level 10 of the Dungeon
  7799 | D:10     | Found a hazy altar of Hepliaklqana.
  7814 | D:10     | Reached skill level 1 in Shields
  7828 | D:10     | Noticed Snorg
  7844 | D:10     | Demolished by Snorg

Illustrated notes

Levels and vault maps discovered:
D:1:      lightli_arrival_statue_moat, layout_basic,
          chequers_ecumenical_altar_grove, minmay_misc_feat_plants, nrook_uturn
D:2:      wad_crossroads, layout_basic
D:3:      layout_rooms, minmay_quantized, uniq_terence
D:4:      layout_basic, kennysheep_generic_room_9
D:5:      layout_basic
D:6:      layout_rooms, temple_green
D:7:      layout_rooms, uniq_duvessa, uniq_maggie
D:8:      layout_basic, nicolae_stop_n_shop_1, uniq_maurice
D:9:      corexii_shack_village, layout_rooms, uniq_pikel, uniq_grum
D:10:     layout_roguey [special_room_kobold], nicolae_hepliaklqana_hazy_memory,
          grunt_lair_entry_orc_guard_hut, minmay_orc_entry_temple_small,
          uniq_snorg
D:11:     layout_cross
D:12:     minmay_mutant_horseshoe, layout_cave_pools, onia_ninara_cookie

Skill      XL: |  1  2  3  4  5  6  7  8  9 10 |
---------------+-------------------------------+-----
Fighting       | 4 5 6 8 |  8.8
Long Blades    | 4 5 6 8 9 11 | 11.6
Armour         | 3 4 5 6 8 9 |  9.3
Dodging        | 3 4 5 |  5.7
Stealth        | 1 |  1.0
Shields        | 1 |  1.3
Throwing       | |  0.6

Action                   |  1- 3 |  4- 6 |  7- 9 | 10-12 || total
-------------------------+-------+-------+-------+-------++-------
Melee: Falchion          |    90 |   106 |   233 |    22 ||   451
       Headbutt          |    15 |    15 |    54 |     4 ||    88
Throw: Dart              |       |     7 |     1 |       ||     8
Invok: Berserk           |       |     4 |     9 |     1 ||    14
  Use: Scroll            |     3 |     6 |     8 |     4 ||    21
       Potion            |       |       |     5 |       ||     5
Armor: Chain mail        |    48 |    68 |   109 |    17 ||   242
       Animal skin       |     3 |       |       |       ||     3
Dodge: Dodged            |    46 |    54 |   100 |    13 ||   213
Block: Other             |       |       |     7 |     6 ||    13
       Reflection        |       |       |     1 |       ||     1
       Kite shield       |       |       |       |    10 ||    10
       Rpst.: Falchion   |    13 |    14 |    27 |     2 ||    56

Table legend: (Time is in decaauts)
 A = Elapsed time spent in this place.
 B = Non-inter-level travel time spent in this place.
 C = Inter-level travel time spent in this place.
 D = Time resting spent in this place.
 E = Time spent auto-exploring this place.
 F = Levels seen in this place.
 G = Mean time per level.
                   A        B        C        D        E       F      G
               +--------+--------+--------+--------+--------+-----+--------+
         Total |   7906 |   7587 |    319 |    577 |   5834 |  12 |  658.8 |
       Dungeon |   7906 |   7587 |    319 |    577 |   5834 |  12 |  658.8 |
               +--------+--------+--------+--------+--------+-----+--------+

Top non-repeatable levels by time:
     D:4: 1211 daAuts
     D:8: 1174 daAuts
     D:1: 1137 daAuts
     D:5: 991 daAuts
     D:2: 970 daAuts
     D:7: 806 daAuts
     D:3: 704 daAuts
     D:6: 685 daAuts
     D:9: 101 daAuts
    D:12: 53 daAuts
    D:10: 38 daAuts
    D:11: 33 daAuts
